[ AOE2 MATCH · #483346722 ]
1v1 RMGeorgians vs Persians
Player's team · LOSS
Rival team · WIN
[ REPLAY ANALYSIS · EXTRACTED FROM THE RECORDED GAME ]
Feudal
7:55
Castle
23:11
Imperial
41:24
| APM avg | 16.0 |
| APM peak | 32 |
| eAPM avg | 8.5 |
| Villagers / military | 53 / 124 |
Focus
⚔️ 35.7% · 🌾 64.3%
Skirmisher ×67 · Spearman ×40 · Mangonel ×8 · Scout Cavalry ×4 · Trebuchet (Packed) ×3 · Monk ×2
Feudal
8:29
Castle
17:10
Imperial
42:00
| APM avg | 13.5 |
| APM peak | 36 |
| eAPM avg | 10.2 |
| Villagers / military | 91 / 110 |
Focus
⚔️ 38.3% · 🌾 61.7%
Cavalry Archer ×58 · Knight ×35 · War Elephant ×5 · Spearman ×4 · Monk ×3 · Trebuchet (Packed) ×3
Match map
Initial resources + every placement click. Lines = walls · curves = elevation contours. ◆ gold · ⬟ stone · ● berries · ✦ relic · ◌ wall gap
Your base· Open — 5t gap
pmonteal's base· Open — unwalled flank
Smoothed initial terrain · ◌ = detected wall gap · hover for details
Inputs per minute
— DLiquidador - - pmonteal
Build order — DLiquidador
First 150 of 198 actions detected
| 0:03 | Build | House |
| 0:26 | Build | Mill |
| 1:00 | Create | Villager (Male) |
| 1:00 | Create | Villager (Male) |
| 1:00 | Create | Villager (Male) |
| 1:01 | Create | Villager (Male) |
| 1:52 | Create | Villager (Male) |
| 1:52 | Create | Villager (Male) |
| 1:53 | Create | Villager (Male) |
| 2:22 | Create | Villager (Male) |
| 2:43 | Create | Villager (Male) |
| 4:30 | Create | Villager (Male) |
| 4:35 | Create | Villager (Male) |
| 4:44 | Build | House |
| 4:46 | Build | House |
| 4:53 | Research | Loom |
| 5:08 | Create | Villager (Male) |
| 5:41 | Research | Feudal Age |
| 5:54 | Build | Barracks |
| 6:31 | Build | Palisade Gate |
| 7:49 | Create | Villager (Male) |
| 7:49 | Create | Villager (Male) |
| 7:55 | Age | Feudal Age |
| 8:07 | Build | Stable |
| 8:20 | Build | Mule Cart |
| 8:44 | Create | Scout Cavalry |
| 8:44 | Create | Scout Cavalry |
| 8:44 | Create | Scout Cavalry |
| 9:22 | Create | Scout Cavalry |
| 9:29 | Build | Mule Cart |
| 10:01 | Create | Villager (Male) |
| 10:30 | Create | Villager (Male) |
| 10:40 | Build | House |
| 10:42 | Build | House |
| 10:44 | Build | House |
| 10:45 | Build | House |
| 10:47 | Build | House |
| 11:15 | Research | Bloodlines |
| 12:17 | Create | Villager (Male) |
| 12:18 | Create | Villager (Male) |
| 13:18 | Build | Blacksmith |
| 14:27 | Build | Farm |
| 14:27 | Build | Farm |
| 14:28 | Build | Farm |
| 14:28 | Build | Farm |
| 14:28 | Build | Farm |
| 14:29 | Build | Farm |
| 14:29 | Build | Farm |
| 14:29 | Build | Farm |
| 14:30 | Build | Farm |
| 14:48 | Research | Scale Barding Armor |
| 14:48 | Research | Forging |
| 16:05 | Build | Farm |
| 16:21 | Build | Market |
| 16:47 | Create | Villager (Male) |
| 16:48 | Create | Villager (Male) |
| 16:53 | Research | Double-Bit Axe |
| 17:04 | Research | Horse Collar |
| 17:59 | Build | Stone Wall |
| 18:32 | Create | Villager (Male) |
| 18:33 | Create | Villager (Male) |
| 18:44 | Build | Stone Wall |
| 18:46 | Build | Stone Wall |
| 18:59 | Build | Farm |
| 18:59 | Build | Farm |
| 18:59 | Build | Farm |
| 19:45 | Build | Stone Wall |
| 19:59 | Create | Spearman |
| 20:00 | Create | Spearman |
| 20:00 | Create | Spearman |
| 20:31 | Research | Castle Age |
| 20:52 | Build | Gate |
| 22:06 | Create | Spearman ×5 |
| 22:31 | Build | Mule Cart |
| 23:11 | Age | Castle Age |
| 23:16 | Research | Pikeman (upgrade) |
| 23:40 | Research | Squires |
| 23:40 | Research | Gambesons |
| 24:37 | Create | Spearman |
| 24:37 | Create | Spearman |
| 24:55 | Build | Stone Wall |
| 24:56 | Build | Stone Wall |
| 24:57 | Build | Stone Wall |
| 24:57 | Build | Stone Wall |
| 25:34 | Build | Town Center |
| 26:53 | Create | Villager (Male) ×5 |
| 26:56 | Create | Villager (Male) ×5 |
| 27:02 | Create | Spearman ×2 |
| 27:08 | Build | Farm |
| 27:09 | Build | Farm |
| 27:10 | Build | Farm |
| 27:52 | Create | Villager (Male) |
| 27:52 | Create | Villager (Male) |
| 27:55 | Create | Villager (Male) |
| 27:55 | Create | Villager (Male) |
| 28:25 | Build | Siege Workshop |
| 28:29 | Build | Siege Workshop |
| 28:53 | Build | Stone Wall |
| 28:54 | Build | Stone Wall |
| 28:55 | Build | Stone Wall |
| 28:56 | Build | Stone Wall |
| 28:58 | Build | Stone Wall |
| 28:59 | Build | Stone Wall |
| 29:00 | Build | Stone Wall |
| 29:18 | Create | Villager (Male) |
| 29:20 | Create | Villager (Male) |
| 29:29 | Create | Villager (Male) |
| 29:29 | Create | Villager (Male) |
| 29:34 | Research | Town Watch |
| 29:37 | Create | Mangonel |
| 29:37 | Create | Mangonel |
| 29:55 | Build | Archery Range |
| 30:10 | Research | Wheelbarrow |
| 30:21 | Create | Mangonel |
| 30:26 | Create | Spearman ×2 |
| 31:04 | Create | Villager (Male) |
| 31:05 | Create | Villager (Male) |
| 31:06 | Create | Villager (Male) |
| 31:47 | Build | Stone Wall |
| 31:58 | Create | Spearman ×5 |
| 32:38 | Build | University |
| 32:58 | Build | Monastery |
| 33:07 | Create | Spearman ×3 |
| 33:10 | Research | Iron Casting |
| 33:26 | Create | Mangonel |
| 33:26 | Create | Mangonel |
| 33:48 | Create | Monk |
| 33:48 | Create | Monk |
| 34:08 | Build | House |
| 34:09 | Build | House |
| 34:11 | Build | House |
| 34:12 | Build | House |
| 34:14 | Build | House |
| 34:15 | Build | House |
| 35:40 | Research | Heavy Plow |
| 36:05 | Build | Mill |
| 36:08 | Build | Farm |
| 36:08 | Build | Farm |
| 36:08 | Build | Farm |
| 36:15 | Build | Farm |
| 36:15 | Build | Farm |
| 36:16 | Build | Farm |
| 36:36 | Build | Castle |
| 36:41 | Research | Ballistics |
| 36:50 | Research | Masonry |
| 37:23 | Build | Stone Wall |
| 38:12 | Build | House |
| 38:14 | Research | Imperial Age |
| 39:30 | Build | Farm |
| 39:34 | Build | Farm |
Build order — pmonteal
First 150 of 341 actions detected
| 0:02 | Create | Villager (Male) |
| 0:02 | Create | Villager (Male) |
| 0:02 | Create | Villager (Male) |
| 0:03 | Create | Villager (Male) |
| 0:05 | Build | House |
| 0:08 | Build | House |
| 0:30 | Build | Lumber Camp |
| 1:03 | Create | Villager (Male) |
| 1:22 | Create | Villager (Male) |
| 1:44 | Research | Loom |
| 2:00 | Build | Mill |
| 2:24 | Create | Villager (Male) |
| 2:24 | Create | Villager (Male) |
| 2:24 | Create | Villager (Male) |
| 3:06 | Create | Villager (Male) |
| 3:36 | Create | Villager (Male) |
| 3:38 | Create | Villager (Male) |
| 4:04 | Create | Villager (Male) |
| 4:22 | Build | House |
| 4:25 | Build | House |
| 4:27 | Build | House |
| 4:29 | Build | House |
| 4:33 | Build | House |
| 5:22 | Create | Villager (Male) |
| 6:25 | Research | Feudal Age |
| 7:12 | Create | Villager (Male) |
| 7:12 | Create | Villager (Male) |
| 7:13 | Create | Villager (Male) |
| 7:59 | Build | Mining Camp |
| 8:08 | Build | Farm |
| 8:08 | Build | Farm |
| 8:09 | Build | Farm |
| 8:09 | Build | Farm |
| 8:29 | Age | Feudal Age |
| 8:32 | Build | Barracks |
| 9:21 | Build | Blacksmith |
| 9:40 | Research | Double-Bit Axe |
| 9:48 | Research | Horse Collar |
| 9:52 | Create | Villager (Male) |
| 9:53 | Create | Villager (Male) |
| 9:54 | Create | Villager (Male) |
| 9:55 | Create | Villager (Male) |
| 9:56 | Create | Villager (Male) |
| 10:16 | Build | Lumber Camp |
| 11:21 | Build | Palisade Wall |
| 12:18 | Build | Farm |
| 12:18 | Build | Farm |
| 12:18 | Build | Farm |
| 12:18 | Build | Farm |
| 12:19 | Build | Farm |
| 12:19 | Build | Farm |
| 12:19 | Build | Farm |
| 13:31 | Build | Stable |
| 14:01 | Create | Scout Cavalry |
| 14:02 | Create | Scout Cavalry |
| 14:05 | Create | Spearman |
| 14:06 | Create | Spearman |
| 14:38 | Create | Spearman |
| 14:39 | Create | Spearman |
| 14:44 | Research | Castle Age |
| 16:04 | Research | Bloodlines |
| 17:10 | Age | Castle Age |
| 17:14 | Research | Bow Saw |
| 17:16 | Research | Heavy Plow |
| 17:28 | Create | Villager (Male) |
| 17:41 | Build | Stable |
| 17:45 | Create | Knight |
| 17:47 | Create | Knight |
| 18:36 | Create | Villager (Male) |
| 18:37 | Create | Villager (Male) |
| 18:37 | Create | Villager (Male) |
| 19:01 | Create | Knight |
| 19:04 | Create | Knight |
| 19:42 | Create | Villager (Male) |
| 19:43 | Create | Villager (Male) |
| 19:43 | Create | Villager (Male) |
| 19:59 | Create | Knight |
| 19:59 | Create | Knight |
| 20:05 | Create | Villager (Male) |
| 20:05 | Create | Villager (Male) |
| 20:24 | Build | Monastery |
| 21:55 | Build | Farm |
| 21:56 | Build | Farm |
| 21:56 | Build | Farm |
| 21:56 | Build | Farm |
| 21:57 | Build | Farm |
| 21:57 | Build | Farm |
| 22:00 | Create | Villager (Male) |
| 22:00 | Create | Villager (Male) |
| 22:00 | Create | Villager (Male) |
| 22:01 | Create | Villager (Male) |
| 22:01 | Create | Villager (Male) |
| 22:01 | Create | Villager (Male) |
| 22:04 | Create | Knight |
| 22:05 | Create | Knight |
| 22:05 | Create | Knight |
| 22:05 | Create | Knight |
| 22:08 | Create | Monk |
| 22:08 | Create | Monk |
| 24:14 | Create | Knight |
| 24:15 | Create | Knight |
| 24:17 | Research | Husbandry |
| 24:23 | Build | House |
| 24:26 | Build | House |
| 24:27 | Build | House |
| 24:29 | Build | House |
| 24:31 | Build | House |
| 24:32 | Build | House |
| 24:33 | Build | House |
| 24:41 | Build | Mining Camp |
| 26:16 | Create | Villager (Male) |
| 26:17 | Create | Villager (Male) |
| 26:19 | Research | Wheelbarrow |
| 26:20 | Research | Town Watch |
| 26:44 | Build | Town Center |
| 26:53 | Research | Gold Mining |
| 26:53 | Research | Stone Mining |
| 27:02 | Research | Light Cavalry (upgrade) |
| 27:12 | Research | Scale Barding Armor |
| 27:12 | Research | Forging |
| 27:27 | Build | Palisade Wall |
| 27:36 | Build | Palisade Gate |
| 27:55 | Build | House |
| 27:57 | Build | House |
| 27:58 | Build | House |
| 28:01 | Build | House |
| 28:05 | Build | House |
| 28:07 | Build | House |
| 28:33 | Research | Fervor |
| 28:35 | Create | Monk |
| 29:04 | Create | Villager (Male) |
| 29:05 | Create | Villager (Male) |
| 29:05 | Create | Villager (Male) |
| 29:06 | Create | Villager (Male) |
| 29:06 | Create | Villager (Male) |
| 29:07 | Create | Villager (Male) |
| 29:07 | Create | Villager (Male) |
| 29:08 | Create | Villager (Male) |
| 29:08 | Create | Villager (Male) |
| 29:10 | Create | Villager (Male) |
| 29:17 | Research | Hand Cart |
| 29:39 | Build | Town Center |
| 30:00 | Build | Palisade Wall |
| 30:13 | Build | House |
| 30:14 | Build | House |
| 30:20 | Build | House |
| 30:22 | Build | House |
| 30:29 | Create | Villager (Male) |
| 30:29 | Create | Villager (Male) |
| 30:30 | Create | Villager (Male) |
Match timeline
| 5:54 | DLiquidador · first_building Barracks |
| 7:55 | DLiquidador · age_up feudal |
| 8:07 | DLiquidador · first_building Stable |
| 8:29 | pmonteal · age_up feudal |
| 8:32 | pmonteal · first_building Barracks |
| 11:21 | pmonteal · wall_segment Palisade Wall x9 |
| 13:31 | pmonteal · first_building Stable |
| 17:10 | pmonteal · age_up castle |
| 17:59 | DLiquidador · wall_segment Stone Wall x9 |
| 18:44 | DLiquidador · wall_segment Stone Wall x13 |
| 18:46 | DLiquidador · wall_segment Stone Wall x4 |
| 19:45 | DLiquidador · wall_segment Stone Wall x1 |
| 20:24 | pmonteal · first_building Monastery |
| 20:25 | DLiquidador · first_market_sell 100 wood |
| 20:27 | DLiquidador · first_market_buy 100 food |
| 23:11 | DLiquidador · age_up castle |
| 24:55 | DLiquidador · wall_segment Stone Wall x1 |
| 24:56 | DLiquidador · wall_segment Stone Wall x1 |
| 24:57 | DLiquidador · wall_segment Stone Wall x1 |
| 24:57 | DLiquidador · wall_segment Stone Wall x1 |
| 27:27 | pmonteal · wall_segment Palisade Wall x8 |
| 28:25 | DLiquidador · first_building Siege Workshop |
| 28:53 | DLiquidador · wall_segment Stone Wall x1 |
| 28:54 | DLiquidador · wall_segment Stone Wall x1 |
| 28:55 | DLiquidador · wall_segment Stone Wall x1 |
| 28:56 | DLiquidador · wall_segment Stone Wall x1 |
| 28:58 | DLiquidador · wall_segment Stone Wall x1 |
| 28:59 | DLiquidador · wall_segment Stone Wall x1 |
| 29:00 | DLiquidador · wall_segment Stone Wall x1 |
| 29:55 | DLiquidador · first_building Archery Range |
| 30:00 | pmonteal · wall_segment Palisade Wall x19 |
| 31:21 | pmonteal · wall_segment Palisade Wall x14 |
| 31:42 | pmonteal · wall_segment Palisade Wall x21 |
| 31:47 | DLiquidador · wall_segment Stone Wall x1 |
| 32:45 | pmonteal · first_building Archery Range |
| 32:58 | DLiquidador · first_building Monastery |
| 36:36 | DLiquidador · first_building Castle |
| 37:23 | DLiquidador · wall_segment Stone Wall x1 |
| 40:06 | DLiquidador · wall_segment Stone Wall x5 |
| 41:24 | DLiquidador · age_up imperial |
| 42:00 | pmonteal · age_up imperial |
| 44:40 | pmonteal · first_building Castle |
| 49:18 | DLiquidador · wall_segment Stone Wall x9 |
| 53:41 | DLiquidador · resign |
[ AI ANALYSIS · 1 CREDIT ]
What really happened in this match?
Wolo.gg analyzes every decision: build order, eco, micro, common mistakes by bracket. Personalized analysis on WhatsApp or Discord in 30 seconds.
Civ guide
Georgians
Map guide
QS Runestones
Perfil
Jugador #4730413